Map: Ley Lines

Players

LAM - Winner!

  • Race: Terran Terran
  • League: Diamond
  • Spawn Location: 7:00

LigerMaNN

  • Race: Zerg Zerg
  • League: Diamond
  • Spawn Location: 1:00

VOD

Have the link to the VOD?

Description

Time

  • Played on: July 1, 2025, 11:13 p.m.
  • Length: 13:18
Show
View Real Time Build Order
Export as new Build Order

LAM Terran - Winner!

Build Orders:  

Get SALT Encoding   

  12  0:00  SCV  
  13  0:12  SCV  
  14  0:18  Supply Depot  
  14  0:24  SCV  
  15  0:39  SCV  
  15  0:42  Barracks  
  16  0:48  Refinery  
  16  0:51  SCV  
  17  1:03  SCV  
  18  1:16  SCV  
  19  1:28  SCV  
  20  1:32  Command Center  
  20  1:34  Barracks Reactor  
  20  1:40  Orbital Command  
  20  1:52  Barracks  
  20  2:01  Barracks  
  20  2:06  SCV  
  21  2:16  Barracks  
  21  2:18  Marine  
  21  2:21  Marine  
  23  2:30  Supply Depot  
  23  2:40  Barracks Tech Lab  
  23  2:44  Marine x2  
  23  2:45  Orbital Command  
  23  2:50  Barracks Tech Lab  
  25  2:52  SCV  
  26  3:04  Marine, SCV  
  28  3:08  Marine  
  28  3:09  Marine  
  28  3:11  Marine  
  31  3:15  Marine  
  31  3:16  SCV  
  31  3:19  Combat Shield  
  33  3:23  Marine  
  33  3:26  Marine  
  35  3:29  Marine  
  35  3:31  SCV  
  37  3:35  Supply Depot  
  37  3:36  Marine  
  37  3:38  Marine  
  37  3:40  Marine  
  40  3:44  Marine  
  40  3:46  SCV  
  42  3:50  Marine, SCV  
  42  3:54  Marine  
  45  3:55  Marine  
  45  3:58  Marine  
  45  4:02  Marine  
  48  4:08  Marine  
  49  4:11  Marine  
  49  4:13  Marine  
  35  4:21  Marine x2  
  37  4:26  Marine  
  37  4:29  Command Center, Marine  
  39  4:31  Marine  
  40  4:42  Reaper  
  41  4:47  Stimpack  
  41  4:48  Barracks Reactor  
  41  4:52  SCV  
  42  4:53  Marine x2, SCV  
  45  5:03  Refinery  
  45  5:04  SCV  
  45  5:05  Factory  
  45  5:06  SCV  
  47  5:11  Refinery, Marine x2  
  49  5:14  Marine  
  49  5:16  SCV  
  51  5:26  Supply Depot  
  47  5:34  SCV  
  46  5:37  Marine  
  46  5:38  Marine x2  
  46  5:39  Marine  
  46  5:40  Marine  
  40  5:56  Marine  
  40  6:01  Marine x3  
  40  6:02  Marine  
  43  6:14  Marine  
  43  6:15  Orbital Command  
  43  6:18  SCV  
  45  6:19  Marine x3  
  45  6:25  SCV  
  49  6:30  SCV  
  49  6:33  Factory Tech Lab  
  49  6:36  Marine x2  
  50  6:45  Marine x3  
  43  6:48  SCV  
  43  6:50  SCV  
  45  6:54  Marine  
  45  6:55  Marauder  
  45  6:59  Siege Tank  
  45  7:00  SCV  
  52  7:01  SCV  
  52  7:02  SCV  
  52  7:03  Marine  
  52  7:04  Marine  
  56  7:12  SCV  
  56  7:13  SCV  
  56  7:15  Supply Depot, SCV  
  59  7:21  Marine x2  
  61  7:24  SCV  
  61  7:25  Marine  
  61  7:26  Marauder, Supply Depot, SCV  
  61  7:27  SCV  
  67  7:30  Refinery  
  67  7:36  SCV, Siege Tank  
  71  7:38  SCV  
  71  7:42  Orbital Command  
  62  7:52  Marauder, Marine x3  
  62  7:54  SCV  
  68  8:01  SCV  
  68  8:03  Supply Depot  
  68  8:04  Marine  
  70  8:07  SCV  
  70  8:08  SCV  
  71  8:13  SCV  
  71  8:19  SCV  
  59  8:25  Marine  
  59  8:26  Marauder, Marine x3  
  59  8:27  SCV x2  
  64  8:31  Siege Tank  
  68  8:36  Barracks, Starport  
  68  8:39  Barracks  
  68  8:43  Marine x2, SCV  
  68  8:44  Marine, SCV  
  68  8:45  SCV  
  68  8:47  Marauder, Supply Depot  
  76  8:57  Marine, SCV  
  76  8:59  SCV  
  76  9:01  Marine x3  
  80  9:08  Marine  
  80  9:09  SCV  
  79  9:10  Supply Depot  
  79  9:14  Marine  
  79  9:24  SCV  
  79  9:26  SCV x2  
  80  9:33  Command Center  
  80  9:36  Supply Depot, SCV  
  80  9:38  Barracks Reactor, SCV x2, Medivac x2  
  86  9:41  Marauder  
  86  9:43  Barracks Reactor  
  86  9:44  Barracks Reactor  
  89  9:47  Barracks Reactor  
  89  9:48  SCV  
  89  9:50  Supply Depot, SCV x2  
  92  9:54  Engineering Bay  
  92  9:57  Marine  
  93  10:01  SCV  
  93  10:03  Marauder  
  93  10:04  Factory  
  96  10:14  SCV  
  96  10:15  Marine x3  
  96  10:18  Marine  
  101  10:23  Marine, Siege Tank  
  101  10:25  SCV  
  101  10:26  SCV  
  101  10:27  Marine  
  108  10:29  Marine  
  108  10:30  SCV  
  108  10:31  Marine x2  
  108  10:33  Marine x3  
  115  10:37  Marine x2  
  115  10:41  Marine  
  117  10:44  SCV x2  
  117  10:45  SCV  
  117  10:47  Marine x2  
  117  10:48  Marine  
  123  10:50  Factory Reactor  
  123  10:51  Marine  
  123  10:56  SCV x2  
  127  10:57  SCV  
  127  10:59  Marine  
  127  11:02  Command Center  
  128  11:08  Marine, SCV x2  
  128  11:09  SCV  
  126  11:19  Marauder, Marine x6  
  120  11:27  Marine x3  
  121  11:36  Marine  
  121  11:37  Marine x5  
  126  11:40  Marauder  
  126  11:45  Marine x3  
  131  11:47  SCV x3  
  134  11:54  Marine x2  
  134  11:55  Marine x4  
  134  11:56  Orbital Command  
  140  12:06  SCV  
  140  12:08  Marine  
  140  12:09  Marine  
  140  12:13  Marine x4, SCV x2  
  146  12:18  SCV  
  146  12:20  Marine  
  146  12:21  Marine x3  
  134  12:25  SCV x2  
  134  12:26  Marine  
  134  12:27  Marine  
  134  12:29  SCV  
  139  12:30  SCV  
  139  12:31  Marauder, Marine x3  
  145  12:38  Marine x2, SCV x2  
  145  12:39  Marine x2  
  151  12:44  Marine  
  151  12:45  Marine  
  151  12:48  SCV  
  151  12:49  Marine  
  155  12:53  Supply Depot  
  155  12:55  Supply Depot  
Show
View Real Time Build Order
Export as new Build Order

LigerMaNN Zerg 

Build Orders: Hatch First, Zergling Baneling 

Get SALT Encoding   

  12  0:00  Drone  
  13  0:14  Overlord  
  13  0:16  Drone  
  14  0:32  Drone x2  
  16  0:36  Drone  
  17  0:52  Hatchery  
  17  0:55  Drone  
  17  0:57  Drone  
  18  1:10  Extractor  
  17  1:14  Spawning Pool  
  17  1:16  Drone  
  17  1:19  Drone  
  18  1:29  Drone  
  19  1:40  Drone  
  20  1:51  Drone  
  21  2:01  Overlord  
  21  2:10  Queen x2  
  21  2:12  Zergling x2  
  21  2:15  Metabolic Boost  
  26  2:18  Drone  
  26  2:19  Drone  
  28  2:33  Hatchery  
  27  2:37  Drone  
  27  2:38  Drone  
  27  2:40  Drone  
  30  2:46  Overlord  
  30  2:55  Baneling Nest  
  30  2:57  Drone x2  
  31  3:00  Drone  
  32  3:09  Zergling x6  
  35  3:21  Zergling x6  
  35  3:22  Zergling x4  
  40  3:29  Overlord  
  40  3:32  Overlord  
  40  3:37  Queen  
  42  3:41  Zergling x2  
  42  3:42  Zergling x2  
  44  3:51  Baneling  
  44  3:52  Baneling x7  
  44  3:54  Zergling x4  
  46  3:56  Zergling x2  
  47  4:05  Zergling x8  
  47  4:07  Zergling x2  
  46  4:20  Baneling  
  46  4:21  Baneling x2  
  46  4:22  Baneling  
  43  4:42  Zergling x24  
  47  4:48  Baneling  
  47  5:01  Drone x3  
  47  5:06  Drone  
  51  5:07  Drone, Overlord  
  46  5:22  Zergling x6  
  46  5:23  Zergling x8  
  53  5:37  Zergling x2  
  53  5:38  Zergling x12  
  48  5:53  Zergling x10  
  37  6:09  Zergling x6  
  37  6:13  Baneling  
  37  6:14  Baneling x3  
  37  6:17  Zergling x6  
  39  6:21  Baneling x4  
  39  6:23  Zergling x4  
  40  6:35  Zergling x6  
  38  6:50  Drone x2  
  38  6:51  Queen  
  38  6:52  Queen  
  44  6:58  Overlord x3  
  44  7:15  Hatchery  
  43  7:17  Drone x2  
  43  7:18  Drone  
  46  7:23  Drone  
  46  7:24  Drone  
  46  7:25  Drone  
  43  7:46  Zergling x8  
  47  7:51  Baneling  
  47  7:52  Baneling x5  
  47  7:55  Zergling x4  
  49  8:02  Zergling x8  
  51  8:15  Zergling x6  
  49  8:27  Zergling x10  
  49  8:33  Queen  
  56  8:36  Overlord  
  56  8:37  Overlord  
  56  8:47  Drone x6  
  62  8:49  Drone  
  62  8:52  Extractor  
  46  9:21  Zergling x20  
  54  9:28  Drone  
  54  9:30  Drone x2  
  57  9:36  Queen x2  
  63  9:40  Lair  
  63  9:43  Hatchery  
  63  9:45  Evolution Chamber x2  
  58  9:46  Drone x6  
  58  9:51  Baneling x13  
  64  9:54  Zergling x4  
  64  9:56  Zergling x2  
  64  9:57  Zergling x2  
  64  9:59  Zergling x2  
  69  10:11  Drone x7  
  69  10:12  Drone  
  77  10:27  Queen  
  77  10:28  Queen  
  79  10:30  Zerg Melee Weapons Level 1  
  81  10:42  Zerg Ground Armor Level 1  
  81  10:45  Drone x10, Extractor  
  81  10:47  Drone, Extractor  
  90  10:57  Extractor  
  90  10:58  Extractor  
  88  11:06  Centrifugal Hooks  
  88  11:07  Zergling x16  
  84  11:31  Zergling x28  
  96  11:33  Overlord x5  
  96  11:51  Hatchery  
  82  12:20  Zergling x12  
  78  12:34  Hatchery  
  75  12:40  Drone x2  
  77  12:49  Drone, Spire  
  77  12:50  Drone  
  78  13:04  Drone x5  
Tags
 
Matchup
TvZ
Replay Pack
June 2025
Spawn Locations
Cross Positions
Add a new tag
Caveats
  • Supply blocks, unpowered buildings, or Contaminate may cause inaccurate times.
  • Supply counts are checked every 10 seconds.